NULL
Full Scoreboard »»

Bruins vs Flyers

Created - April 18, 2024 at 22:13

Goals
1 2 3 T
Bruins 0 3 0 3
Flyers 1 0 1 2
Shots
1 2 3 T
Bruins 3 8 23 34
Flyers 7 5 14 26

GoalsPenalties
1st period
1. Flyers , Nathan MacKinnon 29 (Evgeni Malkin 27) at 0:04
Evgenii Dadonov (PHI) for Fighting (Major) at 1:03
Zdeno Chara (BOS) for Fighting (Major) at 1:03
Evgenii Dadonov (PHI) for instigated a fight (Minor) at 1:03
Evgenii Dadonov (PHI) for instigated a fight (10 Minutes Misconduct) at 1:03
Zdeno Chara (BOS) for Roughing (Minor) at 16:43
2nd period
2. Bruins , Patrice Bergeron 31 (Claude Giroux 37) at 5:07 (PP)
3. Bruins , Claude Giroux 22 (Moritz Seider 14) at 6:18
4. Bruins , Ryan O'Reilly 15 (Claude Giroux 38) at 14:20
Evgeni Malkin (PHI) for Fighting (Major) at 0:15
Blake Wheeler (BOS) for Fighting (Major) at 0:15
Evgeni Malkin (PHI) for instigated a fight (Minor) at 0:15
Evgeni Malkin (PHI) for instigated and being the aggresor in a fight (20 Minutes Game Misconduct) at 0:15
Pierre-Luc Dubois (PHI) for High sticking (Minor) at 4:53
Mikael Backlund (BOS) for Hooking (Minor) at 11:07
Justin Holl (PHI) for Hooking (Minor) at 17:34
3rd period
5. Flyers , Conor Sheary 15 (Travis Konecny 30) at 1:33
Patrice Bergeron (BOS) for Charging (Minor) at 4:01
Jamie Oleksiak (PHI) for Tripping (Minor) at 7:24
Moritz Seider (BOS) for Hooking (Minor) at 7:59
Jordan Martinook (PHI) for Interference (Minor) at 12:16
Goalie Stats
Ilya Samsonov (BOS), 24 saves from 26 shots - (0.923), W, 28-19-7, 60:00 minutes
Laurent Brossoit (PHI), 31 saves from 34 shots - (0.912), L, 16-17-4, 59:20 minutes
3 StarsOfficial
1 - Claude Giroux (BOS)
2 - Conor Sheary (PHI)
3 - Ryan O'Reilly (BOS)
Referees : Unknown
Linesman : Unknown
Game Note
Evgenii Dadonov and Zdeno Chara fight to a draw at 1:03 of 1st period
Blake Wheeler beats up Evgeni Malkin at 0:15 of 2nd period
Evgeni Malkin (PHI) for instigated and being the aggresor in a fight (20 Minutes Game Misconduct) at 0:15
Evgeni Malkin ejected from game at 0:15 of 2nd period



Team Name Goals Shots Shots Attemp Shots Blocked PIM HIT PP PK FO%
Bruins 334701418281 / 6 (17%)064%
Flyers 226611052350 / 4 (0%)136%

Bruins
Player Name POS G A P +/- PIM HIT SHT SB MP PP MP PP SHT PK MP PK SHT FO% FOT GA TA
Blake WheelerLW/RW000-1503015:383:2300:01050% 200
Claude GirouxC/RW1231036017:333:5000:01075% 810
Eduard SaleLW0000010010:044:0600:000100% 101
Jaccob SlavinD000-1020319:000:0003:2900% 001
Lucas RaymondLW/RW0000031013:061:3700:120100% 110
MacKenzie WeegarD0002043224:234:2512:5410% 002
Mikael BacklundC/LW0000211014:354:2500:00090% 1000
Mikael GranlundC/LW/RW0000001111:320:0500:0000% 000
Moritz SeiderD0112221022:304:1902:3900% 001
Nino NiederreiterLW/RW000-1001115:200:0003:190100% 100
Patrice BergeronC/LW/RW101-1229119:294:0840:12056% 2711
Pierre EngvallC/LW/RW000002007:040:0000:0000% 000
Radek FaksaC0000010010:230:0003:19040% 500
Roman JosiD000-1001218:564:2010:0500% 000
Ryan O'ReillyC/LW1011013118:030:3703:00060% 510
Taylor HallLW/RW0001021119:274:0413:0000% 101
Tom WillanderD000-1012119:454:2501:3100% 011
Zdeno CharaD000-1731115:100:0002:2600% 001
Flyers
Player Name POS G A P +/- PIM HIT SHT SB MP PP MP PP SHT PK MP PK SHT FO% FOT GA TA
Chris KreiderC/LW/RW0000033019:423:2102:17133% 610
Conor ShearyLW/RW1011032122:582:0114:2000% 001
Craig SmithC/LW/RW0000023112:300:1200:2000% 010
Emil BemstromC/LW/RW0000031014:580:0003:45025% 401
Eric RobinsonLW/RW0000000010:150:0000:000100% 100
Evgeni MalkinC/LW/RW0111270205:100:5900:0000% 010
Evgenii DadonovLW/RW0001170019:100:0003:160100% 100
Hampus LindholmD0001020124:083:0703:4300% 001
J.T. CompherC/LW/RW000-1000014:132:5000:0000% 000
Jake WalmanD000-1000017:383:2500:3200% 011
Jamie OleksiakD0000261121:513:3714:3000% 000
Jordan MartinookC/LW0000231114:370:3203:32022% 2301
Justin HollD0000211115:410:3100:0000% 000
Nathan MacKinnonC/LW/RW1010023116:022:5900:00047% 1710
Pierre-Luc DuboisC/LW/RW000-1235015:233:2100:00044% 900
Ryan SuterD0001000123:532:5503:4000% 010
Scott MayfieldD000-1041117:230:0005:0500% 010
Travis KonecnyLW/RW011-1033014:132:5000:0000% 020

Bruins

5 vs 5 Forward
Line #Left WingCenterRight WingPHYDFOFWanted %Time %Time Play
1Nino NiederreiterPatrice BergeronBlake Wheeler1223429%12:01
2Ryan O'ReillyClaude GirouxTaylor Hall1223433%13:58
3Mikael GranlundMikael BacklundLucas Raymond1222221%9:01
4Eduard SaleRadek FaksaPierre Engvall1221017%7:04
5 vs 5 Defense
Line #DefenseDefensePHYDFOFWanted %Time %Time Play
1Roman JosiJaccob Slavin1223535%14:33
2Moritz SeiderMacKenzie Weegar1223536%15:02
3Zdeno CharaTom Willander1223030%12:29
4Roman JosiJaccob Slavin12200%0:00
Power Play Forward
Line #Left WingCenterRight WingPHYDFOFWanted %Time %Time Play
1Eduard SalePatrice BergeronClaude Giroux1225047%4:08
2Taylor HallMikael BacklundBlake Wheeler1225053%4:37
Power Play Defense
Line #DefenseDefensePHYDFOFWanted %Time %Time Play
1Moritz SeiderRoman Josi1225050%4:20
2Tom WillanderMacKenzie Weegar1225050%4:25
Penalty Kill 4 Players Forward
Line #CenterWingPHYDFOFWanted %Time %Time Play
1Radek FaksaNino Niederreiter1225054%3:31
2Ryan O'ReillyTaylor Hall1225046%3:01
Penalty Kill 4 Players Defense
Line #DefenseDefensePHYDFOFWanted %Time %Time Play
1Zdeno CharaJaccob Slavin1225056%3:38
2Moritz SeiderMacKenzie Weegar1225044%2:54
Penalty Kill 3 Players
Line #WingPHYDFOFWanted %Time %Time PlayDefenseDefensePHYDFOFWanted %Time %Time Play
1Patrice Bergeron122500%0:00 Roman JosiJaccob Slavin122500%0:00
2Mikael Backlund122500%0:00 Moritz SeiderZdeno Chara122500%0:00
4 vs 4 Forward
Line #CenterWingPHYDFOFWanted %Time %Time Play
1Patrice BergeronLucas Raymond1225057%0:48
2Ryan O'ReillyMikael Granlund1225043%0:36
4 vs 4 Defense
Line #DefensePHYDFOFWanted %Time %Time Play
1Zdeno CharaMoritz Seider1225081%50% - 1:08
2MacKenzie WeegarTom Willander1225019%50% - 0:16
Last Minutes Offensive
Left WingCenterRight WingDefenseDefense
Eduard SalePatrice BergeronClaude GirouxRoman JosiMoritz Seider
Last Minutes Defensive
Left WingCenterRight WingDefenseDefense
Mikael BacklundPatrice BergeronRyan O'ReillyMacKenzie WeegarJaccob Slavin
Time
Total ForwardTotal DefenseLast Minutes OffensiveLast Minutes Defensive
60:00 60:00 0:001:15
Extra Forwards
Normal PowerPlayPenalty Kill
Lucas Raymond, Mikael Granlund, Eduard SaleLucas Raymond, Ryan O'ReillyPatrice Bergeron
Extra Defensemen
Normal PowerPlayPenalty Kill
Zdeno Chara, Tom Willander, Moritz SeiderZdeno Chara, Tom WillanderMoritz Seider
Penalty Shots
Lucas Raymond, Taylor Hall, Mikael Backlund, Eduard Sale, Roman Josi
Goalie
Ilya Samsonov, David Rittich
Custom OT Lines Forwards
Patrice Bergeron, Blake Wheeler, Claude Giroux, Taylor Hall, Ryan O'Reilly, Mikael Backlund, Nino Niederreiter, Mikael Granlund, Lucas Raymond, Eduard Sale
Custom OT Lines Defensemen
Roman Josi, Jaccob Slavin, Moritz Seider, MacKenzie Weegar, Zdeno Chara
Scratches
Jaden Lipinski (Healthy), Aiden Fink (Healthy), Derek Ryan (Healthy), Nate Schmidt (Healthy), Joey Daccord (Healthy)

Flyers

5 vs 5 Forward
Line #Left WingCenterRight WingPHYDFOFWanted %Time %Time Play
1Evgeni MalkinNathan MacKinnonChris Kreider1223026%11:05
2Travis KonecnyPierre-Luc DuboisJ.T. Compher1223027%11:29
3Conor ShearyJordan MartinookEvgenii Dadonov1223022%9:15
4Craig SmithEmil BemstromEric Robinson1221024%10:15
5 vs 5 Defense
Line #DefenseDefensePHYDFOFWanted %Time %Time Play
1Hampus LindholmRyan Suter1223535%14:47
2Jamie OleksiakJustin Holl1223536%14:59
3Jake WalmanScott Mayfield1223029%12:18
4Hampus LindholmRyan Suter12200%0:00
Power Play Forward
Line #Left WingCenterRight WingPHYDFOFWanted %Time %Time Play
1Evgeni MalkinNathan MacKinnonChris Kreider1225049%3:11
2Travis KonecnyPierre-Luc DuboisJ.T. Compher1225051%3:21
Power Play Defense
Line #DefenseDefensePHYDFOFWanted %Time %Time Play
1Hampus LindholmRyan Suter1225045%2:55
2Jamie OleksiakJake Walman1225055%3:37
Penalty Kill 4 Players Forward
Line #CenterWingPHYDFOFWanted %Time %Time Play
1Jordan MartinookConor Sheary1225049%4:15
2Emil BemstromEvgenii Dadonov1225051%4:30
Penalty Kill 4 Players Defense
Line #DefenseDefensePHYDFOFWanted %Time %Time Play
1Jamie OleksiakScott Mayfield1225058%5:05
2Hampus LindholmRyan Suter1225042%3:40
Penalty Kill 3 Players
Line #WingPHYDFOFWanted %Time %Time PlayDefenseDefensePHYDFOFWanted %Time %Time Play
1Nathan MacKinnon122500%0:00 Hampus LindholmRyan Suter122500%0:00
2Evgeni Malkin122500%0:00 Jamie OleksiakJustin Holl122500%0:00
4 vs 4 Forward
Line #CenterWingPHYDFOFWanted %Time %Time Play
1Nathan MacKinnonEvgeni Malkin1225051%0:43
2Chris KreiderPierre-Luc Dubois1225049%0:41
4 vs 4 Defense
Line #DefensePHYDFOFWanted %Time %Time Play
1Hampus LindholmRyan Suter1225051%50% - 0:43
2Jamie OleksiakJustin Holl1225049%50% - 0:41
Last Minutes Offensive
Left WingCenterRight WingDefenseDefense
Evgeni MalkinNathan MacKinnonChris KreiderHampus LindholmRyan Suter
Last Minutes Defensive
Left WingCenterRight WingDefenseDefense
Evgeni MalkinNathan MacKinnonChris KreiderHampus LindholmRyan Suter
Time
Total ForwardTotal DefenseLast Minutes OffensiveLast Minutes Defensive
60:00 60:00 1:150:00
Extra Forwards
Normal PowerPlayPenalty Kill
Conor Sheary, Jordan Martinook, Evgenii DadonovConor Sheary, Jordan MartinookEvgenii Dadonov
Extra Defensemen
Normal PowerPlayPenalty Kill
Jake Walman, Scott Mayfield, Jamie OleksiakJake Walman, Scott MayfieldJamie Oleksiak
Penalty Shots
Nathan MacKinnon, Evgeni Malkin, Chris Kreider, Pierre-Luc Dubois, Travis Konecny
Goalie
Laurent Brossoit, Carter Hart
Custom OT Lines Forwards
Nathan MacKinnon, Evgeni Malkin, Chris Kreider, Pierre-Luc Dubois, Travis Konecny, J.T. Compher, Conor Sheary, Jordan Martinook, Evgenii Dadonov, Emil Bemstrom
Custom OT Lines Defensemen
Hampus Lindholm, Ryan Suter, Jamie Oleksiak, Justin Holl, Jake Walman
Scratches
Alexander Rykov (Healthy), Erik Gudbranson (Healthy), Sergei Murashov (Healthy)


Play-by-Play

1st period


0:01 of 1st period - Nathan MacKinnon wins face-off versus Patrice Bergeron in neutral zone.
0:04 of 1st period - Wrist shot by Nathan MacKinnon.
0:04 of 1st period - Goal by Nathan MacKinnon - Bruins : 0 - Flyers : 1.
0:05 of 1st period - Pierre-Luc Dubois wins face-off versus Taylor Hall in neutral zone.
0:10 of 1st period - Wrist shot by Travis Konecny.
0:10 of 1st period - Stopped by Ilya Samsonov without a rebound.
0:11 of 1st period - Claude Giroux wins face-off versus Pierre-Luc Dubois in Bruins zone.
0:28 of 1st period - Snap shot by Pierre-Luc Dubois.
0:28 of 1st period - Stopped by Ilya Samsonov with a rebound.
0:46 of 1st period - Snap shot by Nathan MacKinnon.
0:46 of 1st period - Stopped by Ilya Samsonov with a rebound.
0:48 of 1st period - Slapshot by Evgeni Malkin.
0:48 of 1st period - Stopped by Ilya Samsonov without a rebound.
0:49 of 1st period - Patrice Bergeron wins face-off versus Jordan Martinook in Bruins zone.
1:03 of 1st period - Evgenii Dadonov and Zdeno Chara fight to a draw.
1:03 of 1st period - Penalty to Evgenii Dadonov for Fighting.
1:03 of 1st period - Penalty to Zdeno Chara for Fighting.
1:03 of 1st period - Penalty to Evgenii Dadonov for instigated a fight.
1:03 of 1st period - Penalty to Evgenii Dadonov for instigated a fight.
1:04 of 1st period - Patrice Bergeron wins face-off versus Jordan Martinook in Flyers zone.
1:09 of 1st period - Slapshot by Roman Josi.
1:09 of 1st period - Shot Misses the Net.
1:19 of 1st period - Emil Bemstrom is hit by Claude Giroux and loses puck.
3:03 of 1st period - Penalty to Evgenii Dadonov is over, Chris Kreider is send on ice.
3:15 of 1st period - J.T. Compher is hit by MacKenzie Weegar and loses puck.
3:28 of 1st period - Nathan MacKinnon is hit by Eduard Sale and loses puck.
4:24 of 1st period - Scott Mayfield is hit by Radek Faksa and loses puck.
4:37 of 1st period - Claude Giroux is hit by Jordan Martinook.
4:41 of 1st period - Ryan O'Reilly is hit by Chris Kreider and loses puck.
4:52 of 1st period - Jamie Oleksiak is hit by MacKenzie Weegar and loses puck.
5:23 of 1st period - Jamie Oleksiak is hit by Moritz Seider and loses puck.
5:34 of 1st period - Taylor Hall is hit by Craig Smith and loses puck.
6:37 of 1st period - Claude Giroux is hit by Pierre-Luc Dubois and loses puck.
7:43 of 1st period - Craig Smith is hit by Lucas Raymond and loses puck.
8:14 of 1st period - Travis Konecny is hit by Taylor Hall and loses puck.
8:39 of 1st period - Emil Bemstrom is hit by Patrice Bergeron and loses puck.
9:08 of 1st period - Ryan Suter is hit by Tom Willander and loses puck.
9:20 of 1st period - Icing by Emil Bemstrom.
9:21 of 1st period - Claude Giroux wins face-off versus Nathan MacKinnon in Flyers zone.
9:24 of 1st period - Slapshot by Taylor Hall.
9:24 of 1st period - Shot Blocked by Nathan MacKinnon.
9:34 of 1st period - Ryan O'Reilly is hit by Jamie Oleksiak and loses puck.
9:43 of 1st period - Snap shot by Evgeni Malkin.
9:43 of 1st period - Deflect By Claude Giroux.
9:43 of 1st period - Shot Misses the Net.
9:43 of 1st period - Puck is out of play.
9:44 of 1st period - Jordan Martinook wins face-off versus Patrice Bergeron in Bruins zone.
9:47 of 1st period - Slapshot by Chris Kreider.
9:47 of 1st period - Stopped by Ilya Samsonov with a rebound.
10:09 of 1st period - Roman Josi is hit by Scott Mayfield and loses puck.
10:16 of 1st period - Snap shot by Pierre-Luc Dubois.
10:16 of 1st period - Shot Misses the Net.
10:20 of 1st period - Wrist shot by J.T. Compher.
10:20 of 1st period - Shot Blocked by Roman Josi.
10:32 of 1st period - Snap shot by Taylor Hall.
10:32 of 1st period - Shot Blocked by Hampus Lindholm.
10:34 of 1st period - Snap shot by Taylor Hall.
10:34 of 1st period - Shot Misses the Net.
10:36 of 1st period - Wrist shot by Ryan O'Reilly.
10:36 of 1st period - Shot Misses the Net.
10:38 of 1st period - Snap shot by Ryan O'Reilly.
10:38 of 1st period - Stopped by Laurent Brossoit with a rebound.
10:40 of 1st period - Snap shot by Claude Giroux.
10:40 of 1st period - Stopped by Laurent Brossoit without a rebound.
10:41 of 1st period - Patrice Bergeron wins face-off versus Jordan Martinook in Flyers zone.
11:06 of 1st period - Moritz Seider is hit by Jamie Oleksiak and loses puck.
11:29 of 1st period - Wrist shot by Travis Konecny.
11:29 of 1st period - Stopped by Ilya Samsonov with a rebound.
11:31 of 1st period - Wrist shot by Travis Konecny.
11:31 of 1st period - Shot Blocked by MacKenzie Weegar.
12:26 of 1st period - Slapshot by Nino Niederreiter.
12:26 of 1st period - Shot Misses the Net.
12:36 of 1st period - Nathan MacKinnon is hit by Pierre Engvall and loses puck.
12:55 of 1st period - Tom Willander is hit by Scott Mayfield.
14:20 of 1st period - Travis Konecny is hit by Moritz Seider and loses puck.
14:43 of 1st period - Moritz Seider is hit by Chris Kreider and loses puck.
14:54 of 1st period - Moritz Seider is hit by Conor Sheary and loses puck.
15:22 of 1st period - Snap shot by Eduard Sale.
15:22 of 1st period - Shot Blocked by Ryan Suter.
15:40 of 1st period - Slapshot by Blake Wheeler.
15:40 of 1st period - Shot Misses the Net.
15:42 of 1st period - Snap shot by Blake Wheeler.
15:42 of 1st period - Deflect By Patrice Bergeron.
15:42 of 1st period - Shot Misses the Net.
15:42 of 1st period - Puck is out of play.
15:43 of 1st period - Nathan MacKinnon wins face-off versus Patrice Bergeron in Flyers zone.
16:03 of 1st period - 10 Minutes Misconduct Penalty to Evgenii Dadonov is over.
16:04 of 1st period - Slapshot by Claude Giroux.
16:04 of 1st period - Shot Blocked by Jordan Martinook.
16:06 of 1st period - Snap shot by Claude Giroux.
16:06 of 1st period - Stopped by Laurent Brossoit with a rebound.
16:08 of 1st period - Snap shot by Ryan O'Reilly.
16:08 of 1st period - Shot Misses the Net.
16:10 of 1st period - Snap shot by Ryan O'Reilly.
16:10 of 1st period - Shot Misses the Net.
16:43 of 1st period - Minor Penalty to Zdeno Chara for Roughing.
16:44 of 1st period - Pierre-Luc Dubois wins face-off versus Radek Faksa in Bruins zone.
17:00 of 1st period - Snap shot by Pierre-Luc Dubois.
17:00 of 1st period - Shot Blocked by Taylor Hall.
18:27 of 1st period - Radek Faksa is hit by Travis Konecny.
18:43 of 1st period - Penalty to Zdeno Chara is over, Zdeno Chara is back on ice.
19:00 of 1st period - Tom Willander is hit by Emil Bemstrom and loses puck.
19:07 of 1st period - Mikael Granlund is hit by Jamie Oleksiak.
19:08 of 1st period - Icing by Mikael Granlund.
19:09 of 1st period - Mikael Backlund wins face-off versus Jordan Martinook in Bruins zone.
19:09 of 1st period - Mikael Backlund is hit by Hampus Lindholm.
19:15 of 1st period - Evgenii Dadonov is hit by MacKenzie Weegar and loses puck.
19:24 of 1st period - Ryan Suter is hit by Zdeno Chara and loses puck.
19:43 of 1st period - Emil Bemstrom is hit by Mikael Backlund and loses puck.
Goals for this period are 0 for Bruins vs 1 for Flyers.
Shots for this period are 3 for Bruins vs 7 for Flyers.

2nd period


0:01 of 2nd period - Nathan MacKinnon wins face-off versus Patrice Bergeron in neutral zone.
0:12 of 2nd period - Wrist shot by Evgeni Malkin.
0:12 of 2nd period - Stopped by Ilya Samsonov without a rebound.
0:13 of 2nd period - Nathan MacKinnon wins face-off versus Patrice Bergeron in Bruins zone.
0:15 of 2nd period - Blake Wheeler beats up Evgeni Malkin.
0:15 of 2nd period - Penalty to Evgeni Malkin for Fighting.
0:15 of 2nd period - Penalty to Blake Wheeler for Fighting.
0:15 of 2nd period - Penalty to Evgeni Malkin for instigated a fight.
0:15 of 2nd period - Penalty to Evgeni Malkin for instigated and being the aggresor in a fight.
0:15 of 2nd period - Evgeni Malkin is ejected from game.
0:16 of 2nd period - Mikael Backlund wins face-off versus Jordan Martinook in Bruins zone.
0:41 of 2nd period - Evgenii Dadonov is hit by Claude Giroux and loses puck.
1:20 of 2nd period - Roman Josi is hit by Scott Mayfield.
2:15 of 2nd period - Penalty to Evgeni Malkin is over, Eric Robinson is send on ice.
2:32 of 2nd period - Zdeno Chara is hit by Travis Konecny.
2:58 of 2nd period - Zdeno Chara is hit by Justin Holl and loses puck.
3:09 of 2nd period - Wrist shot by Lucas Raymond.
3:09 of 2nd period - Stopped by Laurent Brossoit with a rebound.
3:11 of 2nd period - Snap shot by Radek Faksa.
3:11 of 2nd period - Shot Misses the Net.
3:13 of 2nd period - Slapshot by Tom Willander.
3:13 of 2nd period - Stopped by Laurent Brossoit without a rebound.
3:14 of 2nd period - Eric Robinson wins face-off versus Radek Faksa in Flyers zone.
3:14 of 2nd period - Eric Robinson is hit by Jaccob Slavin.
3:39 of 2nd period - Justin Holl is hit by Pierre Engvall and loses puck.
4:09 of 2nd period - Wrist shot by Craig Smith.
4:09 of 2nd period - Shot Blocked by Roman Josi.
4:11 of 2nd period - Snap shot by Emil Bemstrom.
4:11 of 2nd period - Stopped by Ilya Samsonov without a rebound.
4:12 of 2nd period - Jordan Martinook wins face-off versus Patrice Bergeron in Bruins zone.
4:15 of 2nd period - Snap shot by Conor Sheary.
4:15 of 2nd period - Shot Misses the Net.
4:53 of 2nd period - Minor Penalty to Pierre-Luc Dubois for High sticking.
4:54 of 2nd period - Claude Giroux wins face-off versus Jordan Martinook in Flyers zone.
4:59 of 2nd period - Wrist shot by Patrice Bergeron.
4:59 of 2nd period - Stopped by Laurent Brossoit without a rebound.
5:00 of 2nd period - Patrice Bergeron wins face-off versus Jordan Martinook in Flyers zone.
5:07 of 2nd period - Snap shot by Patrice Bergeron.
5:07 of 2nd period - Goal by Patrice Bergeron - Bruins : 1 - Flyers : 1.
5:08 of 2nd period - Patrice Bergeron wins face-off versus Jordan Martinook in neutral zone.
6:18 of 2nd period - Snap shot by Claude Giroux.
6:18 of 2nd period - Goal by Claude Giroux - Bruins : 2 - Flyers : 1.
6:19 of 2nd period - Jordan Martinook wins face-off versus Blake Wheeler in neutral zone.
7:44 of 2nd period - Moritz Seider is hit by Jamie Oleksiak and loses puck.
8:54 of 2nd period - Snap shot by Emil Bemstrom.
8:54 of 2nd period - Shot Hit the Post.
9:02 of 2nd period - Blake Wheeler is hit by Emil Bemstrom and loses puck.
9:21 of 2nd period - Taylor Hall is hit by Chris Kreider and loses puck.
9:44 of 2nd period - Pierre-Luc Dubois is hit by Lucas Raymond and loses puck.
9:54 of 2nd period - Icing by Hampus Lindholm.
9:55 of 2nd period - Pierre-Luc Dubois wins face-off versus Radek Faksa in Flyers zone.
10:08 of 2nd period - Snap shot by Evgenii Dadonov.
10:08 of 2nd period - Shot Misses the Net.
10:55 of 2nd period - Ryan Suter is hit by Claude Giroux and loses puck.
11:07 of 2nd period - Minor Penalty to Mikael Backlund for Hooking.
11:08 of 2nd period - Ryan O'Reilly wins face-off versus Nathan MacKinnon in Bruins zone.
11:08 of 2nd period - Ryan O'Reilly is hit by Conor Sheary.
11:27 of 2nd period - Nino Niederreiter is hit by Conor Sheary and loses puck.
11:40 of 2nd period - Slapshot by Jaccob Slavin.
11:40 of 2nd period - Deflect By Taylor Hall.
11:40 of 2nd period - Shot Misses the Net.
11:40 of 2nd period - Puck is out of play.
11:41 of 2nd period - Ryan O'Reilly wins face-off versus Pierre-Luc Dubois in Flyers zone.
11:58 of 2nd period - Taylor Hall is hit by Hampus Lindholm and loses puck.
12:05 of 2nd period - Snap shot by Travis Konecny.
12:05 of 2nd period - Shot Misses the Net.
12:15 of 2nd period - Radek Faksa is hit by Jamie Oleksiak and loses puck.
12:38 of 2nd period - Wrist shot by Nathan MacKinnon.
12:38 of 2nd period - Shot Blocked by Jaccob Slavin.
12:40 of 2nd period - Slapshot by Jake Walman.
12:40 of 2nd period - Shot Blocked by Jaccob Slavin.
12:42 of 2nd period - Slapshot by Jamie Oleksiak.
12:42 of 2nd period - Shot Misses the Net.
12:44 of 2nd period - Slapshot by Conor Sheary.
12:44 of 2nd period - Stopped by Ilya Samsonov with a rebound.
12:46 of 2nd period - Snap shot by Jamie Oleksiak.
12:46 of 2nd period - Stopped by Ilya Samsonov without a rebound.
12:47 of 2nd period - Radek Faksa wins face-off versus Nathan MacKinnon in Bruins zone.
13:07 of 2nd period - Penalty to Mikael Backlund is over, Mikael Backlund is back on ice.
13:22 of 2nd period - Snap shot by Craig Smith.
13:22 of 2nd period - Deflect By Emil Bemstrom.
13:22 of 2nd period - Shot Misses the Net.
13:22 of 2nd period - Puck is out of play.
13:23 of 2nd period - Claude Giroux wins face-off versus Jordan Martinook in Bruins zone.
13:23 of 2nd period - Claude Giroux is hit by Jordan Martinook.
13:49 of 2nd period - Justin Holl is hit by Patrice Bergeron and loses puck.
14:14 of 2nd period - Wrist shot by Pierre-Luc Dubois.
14:14 of 2nd period - Stopped by Ilya Samsonov without a rebound.
14:15 of 2nd period - Claude Giroux wins face-off versus Pierre-Luc Dubois in Bruins zone.
14:20 of 2nd period - Wrist shot by Ryan O'Reilly.
14:20 of 2nd period - Goal by Ryan O'Reilly - Bruins : 3 - Flyers : 1.
14:21 of 2nd period - Evgenii Dadonov wins face-off versus Patrice Bergeron in neutral zone.
14:36 of 2nd period - Snap shot by Conor Sheary.
14:36 of 2nd period - Shot Misses the Net.
14:46 of 2nd period - Claude Giroux is hit by Jamie Oleksiak and loses puck.
15:15 of 2nd period - 10 Minutes Misconduct Penalty to Evgeni Malkin is over.
15:23 of 2nd period - Roman Josi is hit by Scott Mayfield and loses puck.
15:56 of 2nd period - Taylor Hall is hit by Craig Smith and loses puck.
16:05 of 2nd period - Slapshot by Roman Josi.
16:05 of 2nd period - Shot Misses the Net.
16:38 of 2nd period - Slapshot by Hampus Lindholm.
16:38 of 2nd period - Shot Misses the Net.
16:50 of 2nd period - Ryan O'Reilly is hit by Emil Bemstrom and loses puck.
17:12 of 2nd period - Off-side.
17:13 of 2nd period - Jordan Martinook wins face-off versus Patrice Bergeron in neutral zone.
17:20 of 2nd period - Snap shot by Jordan Martinook.
17:20 of 2nd period - Shot Misses the Net.
17:34 of 2nd period - Minor Penalty to Justin Holl for Hooking.
17:35 of 2nd period - Jordan Martinook wins face-off versus Patrice Bergeron in Flyers zone.
17:48 of 2nd period - Slapshot by Patrice Bergeron.
17:48 of 2nd period - Shot Blocked by Scott Mayfield.
17:50 of 2nd period - Slapshot by MacKenzie Weegar.
17:50 of 2nd period - Deflect By Jordan Martinook.
17:50 of 2nd period - Stopped by Laurent Brossoit without a rebound.
17:51 of 2nd period - Mikael Backlund wins face-off versus Jordan Martinook in Flyers zone.
17:54 of 2nd period - Snap shot by Blake Wheeler.
17:54 of 2nd period - Shot Misses the Net.
17:56 of 2nd period - Slapshot by Tom Willander.
17:56 of 2nd period - Deflect By Taylor Hall.
17:56 of 2nd period - Stopped by Laurent Brossoit with a rebound.
18:08 of 2nd period - Jamie Oleksiak is hit by MacKenzie Weegar.
18:33 of 2nd period - Evgenii Dadonov is hit by Lucas Raymond and loses puck.
19:34 of 2nd period - Penalty to Justin Holl is over, Justin Holl is back on ice.
19:44 of 2nd period - Moritz Seider is hit by Travis Konecny.
Goals for this period are 3 for Bruins vs 0 for Flyers.
Shots for this period are 8 for Bruins vs 5 for Flyers.

3rd period


0:01 of 3rd period - Blake Wheeler wins face-off versus Jordan Martinook in neutral zone.
0:01 of 3rd period - Blake Wheeler is hit by Jordan Martinook.
0:11 of 3rd period - Slapshot by Jordan Martinook.
0:11 of 3rd period - Stopped by Ilya Samsonov with a rebound.
0:13 of 3rd period - Slapshot by Justin Holl.
0:13 of 3rd period - Shot Blocked by Patrice Bergeron.
0:15 of 3rd period - Wrist shot by Evgenii Dadonov.
0:15 of 3rd period - Shot Misses the Net.
0:25 of 3rd period - Justin Holl is hit by Taylor Hall and loses puck.
1:04 of 3rd period - Off-side.
1:05 of 3rd period - Pierre-Luc Dubois wins face-off versus Patrice Bergeron in neutral zone.
1:33 of 3rd period - Snap shot by Conor Sheary.
1:33 of 3rd period - Goal by Conor Sheary - Bruins : 3 - Flyers : 2.
1:34 of 3rd period - Nino Niederreiter wins face-off versus Jordan Martinook in neutral zone.
1:37 of 3rd period - Snap shot by Patrice Bergeron.
1:37 of 3rd period - Stopped by Laurent Brossoit without a rebound.
1:38 of 3rd period - Patrice Bergeron wins face-off versus Jordan Martinook in Flyers zone.
1:41 of 3rd period - Slapshot by Blake Wheeler.
1:41 of 3rd period - Stopped by Laurent Brossoit without a rebound.
1:42 of 3rd period - Patrice Bergeron wins face-off versus Jordan Martinook in Flyers zone.
2:08 of 3rd period - Snap shot by Patrice Bergeron.
2:08 of 3rd period - Stopped by Laurent Brossoit with a rebound.
2:10 of 3rd period - Backhand shot by Blake Wheeler.
2:10 of 3rd period - Shot Misses the Net.
2:12 of 3rd period - Snap shot by Patrice Bergeron.
2:12 of 3rd period - Stopped by Laurent Brossoit with a rebound.
2:14 of 3rd period - Wrist shot by Nino Niederreiter.
2:14 of 3rd period - Stopped by Laurent Brossoit with a rebound.
2:16 of 3rd period - Slapshot by Moritz Seider.
2:16 of 3rd period - Stopped by Laurent Brossoit with a rebound.
2:18 of 3rd period - Slapshot by MacKenzie Weegar.
2:18 of 3rd period - Deflect By Patrice Bergeron.
2:18 of 3rd period - Shot Blocked by Conor Sheary.
2:18 of 3rd period - Puck is out of play.
2:19 of 3rd period - Nathan MacKinnon wins face-off versus Claude Giroux in Flyers zone.
2:52 of 3rd period - Snap shot by Pierre-Luc Dubois.
2:52 of 3rd period - Stopped by Ilya Samsonov with a rebound.
3:41 of 3rd period - Snap shot by Craig Smith.
3:41 of 3rd period - Shot Blocked by Tom Willander.
3:43 of 3rd period - Wrist shot by Eric Robinson.
3:43 of 3rd period - Shot Misses the Net.
3:45 of 3rd period - Slapshot by Jake Walman.
3:45 of 3rd period - Shot Blocked by Zdeno Chara.
3:47 of 3rd period - Snap shot by Scott Mayfield.
3:47 of 3rd period - Stopped by Ilya Samsonov without a rebound.
3:48 of 3rd period - Nathan MacKinnon wins face-off versus Patrice Bergeron in Bruins zone.
4:01 of 3rd period - Minor Penalty to Patrice Bergeron for Charging.
4:02 of 3rd period - Ryan O'Reilly wins face-off versus Pierre-Luc Dubois in Bruins zone.
6:01 of 3rd period - Penalty to Patrice Bergeron is over, Patrice Bergeron is back on ice.
6:11 of 3rd period - Eric Robinson is hit by Jaccob Slavin.
6:17 of 3rd period - Backhand shot by Patrice Bergeron.
6:17 of 3rd period - Shot Blocked by Craig Smith.
6:25 of 3rd period - Wrist shot by Patrice Bergeron.
6:25 of 3rd period - Shot Misses the Net.
6:47 of 3rd period - Backhand shot by Claude Giroux.
6:47 of 3rd period - Stopped by Laurent Brossoit with a rebound.
6:59 of 3rd period - Backhand shot by Claude Giroux.
6:59 of 3rd period - Shot Misses the Net.
7:09 of 3rd period - Snap shot by Blake Wheeler.
7:09 of 3rd period - Stopped by Laurent Brossoit with a rebound.
7:11 of 3rd period - Slapshot by Jaccob Slavin.
7:11 of 3rd period - Shot Misses the Net.
7:13 of 3rd period - Slapshot by MacKenzie Weegar.
7:13 of 3rd period - Stopped by Laurent Brossoit without a rebound.
7:14 of 3rd period - Mikael Backlund wins face-off versus Jordan Martinook in Flyers zone.
7:24 of 3rd period - Minor Penalty to Jamie Oleksiak for Tripping.
7:25 of 3rd period - Mikael Backlund wins face-off versus Jordan Martinook in Flyers zone.
7:27 of 3rd period - Slapshot by Roman Josi.
7:27 of 3rd period - Shot Misses the Net.
7:29 of 3rd period - Slapshot by Roman Josi.
7:29 of 3rd period - Stopped by Laurent Brossoit without a rebound.
7:30 of 3rd period - Mikael Backlund wins face-off versus Jordan Martinook in Flyers zone.
7:59 of 3rd period - Minor Penalty to Moritz Seider for Hooking.
8:00 of 3rd period - Patrice Bergeron wins face-off versus Nathan MacKinnon in Bruins zone.
8:15 of 3rd period - Snap shot by Lucas Raymond.
8:15 of 3rd period - Shot Misses the Net.
8:25 of 3rd period - Ryan Suter is hit by Zdeno Chara and loses puck.
8:42 of 3rd period - Wrist shot by Conor Sheary.
8:42 of 3rd period - Deflect By Nathan MacKinnon.
8:42 of 3rd period - Shot Blocked by Mikael Granlund.
8:42 of 3rd period - Puck is out of play.
8:43 of 3rd period - Patrice Bergeron wins face-off versus Chris Kreider in Bruins zone.
8:43 of 3rd period - Patrice Bergeron is hit by Pierre-Luc Dubois.
8:49 of 3rd period - Jake Walman is hit by Zdeno Chara and loses puck.
8:56 of 3rd period - Slapshot by Justin Holl.
8:56 of 3rd period - Stopped by Ilya Samsonov without a rebound.
8:57 of 3rd period - Chris Kreider wins face-off versus Ryan O'Reilly in Bruins zone.
9:08 of 3rd period - Slapshot by Pierre-Luc Dubois.
9:08 of 3rd period - Stopped by Ilya Samsonov without a rebound.
9:09 of 3rd period - Lucas Raymond wins face-off versus Chris Kreider in Bruins zone.
9:24 of 3rd period - Penalty to Jamie Oleksiak is over, Jamie Oleksiak is back on ice.
9:32 of 3rd period - Wrist shot by Pierre-Luc Dubois.
9:32 of 3rd period - Shot Misses the Net.
9:52 of 3rd period - Snap shot by Nino Niederreiter.
9:52 of 3rd period - Shot Blocked by Justin Holl.
9:54 of 3rd period - Slapshot by MacKenzie Weegar.
9:54 of 3rd period - Stopped by Laurent Brossoit without a rebound.
9:55 of 3rd period - Nathan MacKinnon wins face-off versus Ryan O'Reilly in Flyers zone.
9:59 of 3rd period - Penalty to Moritz Seider is over, Moritz Seider is back on ice.
10:00 of 3rd period - Backhand shot by Nathan MacKinnon.
10:00 of 3rd period - Shot Blocked by MacKenzie Weegar.
10:10 of 3rd period - Snap shot by Conor Sheary.
10:10 of 3rd period - Shot Misses the Net.
10:48 of 3rd period - Slapshot by Travis Konecny.
10:48 of 3rd period - Stopped by Ilya Samsonov with a rebound.
10:54 of 3rd period - Snap shot by Travis Konecny.
10:54 of 3rd period - Deflect By Pierre-Luc Dubois.
10:54 of 3rd period - Stopped by Ilya Samsonov with a rebound.
11:04 of 3rd period - Pierre Engvall is hit by Nathan MacKinnon and loses puck.
11:30 of 3rd period - Mikael Granlund is hit by Pierre-Luc Dubois and loses puck.
11:43 of 3rd period - Snap shot by Craig Smith.
11:43 of 3rd period - Stopped by Ilya Samsonov without a rebound.
11:44 of 3rd period - Emil Bemstrom wins face-off versus Claude Giroux in Bruins zone.
11:49 of 3rd period - Snap shot by Craig Smith.
11:49 of 3rd period - Stopped by Ilya Samsonov with a rebound.
11:51 of 3rd period - Wrist shot by Eric Robinson.
11:51 of 3rd period - Shot Misses the Net.
11:53 of 3rd period - Wrist shot by Craig Smith.
11:53 of 3rd period - Shot Misses the Net.
11:55 of 3rd period - Wrist shot by Craig Smith.
11:55 of 3rd period - Stopped by Ilya Samsonov with a rebound.
11:57 of 3rd period - Wrist shot by Eric Robinson.
11:57 of 3rd period - Deflect By Emil Bemstrom.
11:57 of 3rd period - Shot Misses the Net.
11:57 of 3rd period - Puck is out of play.
11:58 of 3rd period - Patrice Bergeron wins face-off versus Nathan MacKinnon in Bruins zone.
12:05 of 3rd period - Snap shot by Patrice Bergeron.
12:05 of 3rd period - Shot Misses the Net.
12:07 of 3rd period - Slapshot by Patrice Bergeron.
12:07 of 3rd period - Shot Misses the Net.
12:09 of 3rd period - Snap shot by Patrice Bergeron.
12:09 of 3rd period - Deflect By Blake Wheeler.
12:09 of 3rd period - Stopped by Laurent Brossoit without a rebound.
12:10 of 3rd period - Patrice Bergeron wins face-off versus Jordan Martinook in Flyers zone.
12:16 of 3rd period - Minor Penalty to Jordan Martinook for Interference.
12:17 of 3rd period - Mikael Backlund wins face-off versus Emil Bemstrom in Flyers zone.
12:48 of 3rd period - Off-side.
12:49 of 3rd period - Patrice Bergeron wins face-off versus Emil Bemstrom in neutral zone.
12:56 of 3rd period - Snap shot by Patrice Bergeron.
12:56 of 3rd period - Stopped by Laurent Brossoit without a rebound.
12:57 of 3rd period - Eduard Sale wins face-off versus Emil Bemstrom in Flyers zone.
13:07 of 3rd period - Snap shot by Claude Giroux.
13:07 of 3rd period - Shot Blocked by Evgenii Dadonov.
13:31 of 3rd period - Slapshot by Patrice Bergeron.
13:31 of 3rd period - Stopped by Laurent Brossoit without a rebound.
13:32 of 3rd period - Mikael Backlund wins face-off versus Chris Kreider in Flyers zone.
13:38 of 3rd period - Off-side.
13:39 of 3rd period - Chris Kreider wins face-off versus Mikael Backlund in neutral zone.
13:50 of 3rd period - Snap shot by Chris Kreider.
13:50 of 3rd period - Stopped by Ilya Samsonov with a rebound.
14:08 of 3rd period - Wrist shot by Blake Wheeler.
14:08 of 3rd period - Shot Misses the Net.
14:10 of 3rd period - Snap shot by Taylor Hall.
14:10 of 3rd period - Shot Misses the Net.
14:12 of 3rd period - Snap shot by Mikael Backlund.
14:12 of 3rd period - Shot Misses the Net.
14:14 of 3rd period - Snap shot by MacKenzie Weegar.
14:14 of 3rd period - Shot Misses the Net.
14:16 of 3rd period - Penalty to Jordan Martinook is over, Jordan Martinook is back on ice.
14:16 of 3rd period - Slapshot by Tom Willander.
14:16 of 3rd period - Stopped by Laurent Brossoit without a rebound.
14:17 of 3rd period - Radek Faksa wins face-off versus Nathan MacKinnon in Flyers zone.
14:24 of 3rd period - Snap shot by Roman Josi.
14:24 of 3rd period - Shot Blocked by Jamie Oleksiak.
14:30 of 3rd period - Wrist shot by Eduard Sale.
14:30 of 3rd period - Shot Misses the Net.
14:52 of 3rd period - Wrist shot by Patrice Bergeron.
14:52 of 3rd period - Stopped by Laurent Brossoit with a rebound.
15:39 of 3rd period - Off-side.
15:40 of 3rd period - Patrice Bergeron wins face-off versus Chris Kreider in neutral zone.
15:49 of 3rd period - Snap shot by Nathan MacKinnon.
15:49 of 3rd period - Shot Blocked by Nino Niederreiter.
16:18 of 3rd period - Icing by Blake Wheeler.
16:19 of 3rd period - Nathan MacKinnon wins face-off versus Patrice Bergeron in Bruins zone.
16:20 of 3rd period - Slapshot by Chris Kreider.
16:20 of 3rd period - Stopped by Ilya Samsonov without a rebound.
16:21 of 3rd period - Mikael Backlund wins face-off versus Nathan MacKinnon in Bruins zone.
16:21 of 3rd period - Lucas Raymond is hit by Nathan MacKinnon and loses puck.
16:26 of 3rd period - Slapshot by Nathan MacKinnon.
16:26 of 3rd period - Shot Misses the Net.
16:28 of 3rd period - Slapshot by Nathan MacKinnon.
16:28 of 3rd period - Stopped by Ilya Samsonov with a rebound.
16:30 of 3rd period - Wrist shot by Conor Sheary.
16:30 of 3rd period - Shot Misses the Net.
17:27 of 3rd period - Snap shot by Claude Giroux.
17:27 of 3rd period - Stopped by Laurent Brossoit without a rebound.
17:28 of 3rd period - Claude Giroux wins face-off versus Pierre-Luc Dubois in Flyers zone.
17:31 of 3rd period - Snap shot by Claude Giroux.
17:31 of 3rd period - Stopped by Laurent Brossoit with a rebound.
17:37 of 3rd period - Travis Konecny is hit by Ryan O'Reilly and loses puck.
18:04 of 3rd period - Slapshot by Mikael Granlund.
18:04 of 3rd period - Stopped by Laurent Brossoit with a rebound.
18:26 of 3rd period - Snap shot by Nino Niederreiter.
18:26 of 3rd period - Shot Misses the Net.
19:04 of 3rd period - Slapshot by Mikael Backlund.
19:04 of 3rd period - Stopped by Laurent Brossoit with a rebound.
19:06 of 3rd period - Slapshot by Zdeno Chara.
19:06 of 3rd period - Stopped by Laurent Brossoit with a rebound.
19:08 of 3rd period - Wrist shot by Ryan O'Reilly.
19:08 of 3rd period - Stopped by Laurent Brossoit with a rebound.
19:12 of 3rd period - Snap shot by Patrice Bergeron.
19:12 of 3rd period - Stopped by Laurent Brossoit without a rebound.
19:13 of 3rd period - call a timeout for Flyers.
19:13 of 3rd period - Patrice Bergeron wins face-off versus Nathan MacKinnon in Flyers zone.
19:20 of 3rd period - Flyers, Laurent Brossoit is pulled from the net.
19:50 of 3rd period - Slapshot by Chris Kreider.
19:50 of 3rd period - Shot Blocked by Ryan O'Reilly.
19:52 of 3rd period - Snap shot by Ryan Suter.
19:52 of 3rd period - Shot Blocked by Jaccob Slavin.
19:54 of 3rd period - Snap shot by Ryan Suter.
19:54 of 3rd period - Deflect By Nathan MacKinnon.
19:54 of 3rd period - Shot Hit the Post.
19:54 of 3rd period - Puck is out of play.
19:55 of 3rd period - Patrice Bergeron wins face-off versus Nathan MacKinnon in Bruins zone.
Goals for this period are 0 for Bruins vs 1 for Flyers.
Shots for this period are 23 for Bruins vs 14 for Flyers.